 Dungeon Crawl Stone Soup version 0.30.1-3-gfc49f6343a (webtiles) character file.

Game seed: 13297847483786906445

5933 cheesebisquit the Grappler (level 10, 0/102 HPs)
             Began as a Troll Fighter on July 26, 2023.
             Was an Elder of Jiyva.
             Slain by Snorg (13 damage)
             ... on level 10 of the Dungeon.
             The game lasted 00:25:58 (8164 turns).

cheesebisquit the Grappler (Troll Fighter)          Turns: 8164, Time: 00:25:59

Health: 0/102      AC:  5    Str: 34    XL:     10   Next: 54%
Magic:  9/9        EV:  9    Int:  6    God:    Jiyva [****..]
Gold:   335        SH:  9    Dex:  7    Spells: 9/9 levels left

rFire   . .          .
                       - Unarmed
rCold   + . .        b - +0 kite shield
rNeg    . . .        a - +0 robe
rPois   .            (helmet restricted)
rElec   .            D - +0 cloak
rCorr   +            (gloves unavailable)
SInv    .            (boots unavailable)
Will    .....        (no amulet)
Stlth   +            B - ring of protection from cold
HPRegen 2.45/turn    (no ring)
MPRegen 0.51/turn

%: no passive effects
@: mighty
A: large, unfitting armour, claws 3, regeneration 1, shaggy fur 1, tough skin 1,
strong 2, acidic bite, MP-powered wands
a: Renounce Religion, Oozemancy, Slimify


You were on level 10 of the Dungeon.
You worshipped Jiyva.
Jiyva was greatly pleased with you.
You visited 2 branches of the dungeon, and saw 11 of its levels.
You also visited: Sewer and Ossuary.

You collected 511 gold pieces.
You spent 176 gold pieces at shops.

Inventory:

Hand Weapons
 c - the +3 mace "Gullir" {venom, rF+ Str+4}
   (You found it on level 4 of the Dungeon)

   Str:       It affects your strength (+4).
   rF:        It protects you from fire.
 q - a +3 hand axe of flaming
Missiles
 g - 2 datura-tipped darts
 k - a curare-tipped dart
 p - 3 javelins
 r - 11 poisoned darts (quivered)
 w - 3 atropa-tipped darts
 C - 11 boomerangs
Armour
 a - a +0 robe (worn)
 b - a +0 kite shield (worn)
 y - a scarf of harm
 D - a +0 cloak (worn)
Jewellery
 B - a ring of protection from cold (left claw)
Wands
 f - a wand of light (5)
 A - a wand of iceblast (28)
Scrolls
 d - a scroll of summoning
 e - 2 scrolls of magic mapping
 i - 2 scrolls of fog
 j - a scroll of poison {unknown}
 n - 3 scrolls of torment
 o - a scroll of vulnerability {unknown}
 u - a scroll of blinking {unknown}
 v - a scroll of amnesia {unknown}
 x - a scroll of teleportation {unknown}
 G - a scroll of noise {unknown}
 J - a scroll of silence {unknown}
 K - a scroll of enchant weapon {unknown}
Potions
 h - 2 potions of mutation
 l - 3 potions of cancellation
 m - 2 potions of brilliance
 t - 4 potions of lignification
 z - 2 potions of flight
 E - a potion of haste {unknown}
 F - 2 potions of magic
 H - a potion of might
 I - a potion of ambrosia {unknown}
 L - a potion of degeneration {unknown}


   Skills:
 + Level 7.0 Fighting
 + Level 3.7 Dodging
 + Level 7.6 Shields
 * Level 11.2 Unarmed Combat


You had 9 spell levels left.
You didn't know any spells.
Your spell library contained the following spells:

 Spells                   Type           Power      Damage    Failure   Level
 Blink                    Tloc           0%         N/A       75%         2
 Cigotuvi's Dreadful Rot  Necr/Pois/Air  0%         N/A       75%         2
 Scorch                   Fire           0%         2d5       75%         2
 Flame Wave               Conj/Fire      0%         2d4       100%        4
 Manifold Assault         Tloc           0%         N/A       100%        4
 Yara's Violent Unravell  Hex/Tmut       0%         3d3       100%        5
 Eringya's Noxious Bog    Tmut/Pois      0%         N/A       100%        6
 Summon Cactus Giant      Summ           0%         N/A       100%        6
 Storm Form               Tmut/Air       0%         N/A       100%        7


Dungeon Overview and Level Annotations

Branches:
Dungeon (10/15)            Temple (1/1) D:4            Lair (0/5) D:10
  Sewer (visited)         Ossuary (visited)
    Orc: D:9-12

Altars:
Ashenzari
Cheibriados
Dithmenos
Elyvilon
Fedhas
Hepliaklqana
Makhleb
Nemelex Xobeh
Okawaru
Ru
Sif Muna
Trog
Xom
Yredelemnul
Zin
The Shining One

Shops:
D:1 [

Annotations:
D:10 Snorg


Innate Abilities, Weirdness & Mutations

You are too large for most types of armour.
You have claws for hands.
Your natural rate of healing is unusually fast.
You are covered in fur. (AC +1)
You have tough skin. (AC +1)
Your muscles are very strong. (Str +8, Int/Dex -2)
You have acidic saliva.
You expend magic power (3 MP) to strengthen your wands.


Message History

Your two-headed ogre's corpse dissolves into shadows!
Your yak gores Snorg!
Your yak gores the troll.
You block the troll's attack. x2; The troll barely misses you.
Snorg bites you! Snorg claws you! Snorg closely misses you.
Your yak barely misses the troll.
Your yak gores the troll!
Your yak gores the troll.
There is an open door, spattered with blood here.
You feel very mighty all of a sudden.
You block Snorg's attack. x3; The troll bites you.
The troll claws you! The troll barely misses you. Snorg bites you!
* * * LOW HITPOINT WARNING * * *
Snorg claws you.
* * * LOW HITPOINT WARNING * * *
Snorg claws you!!
* * * LOW HITPOINT WARNING * * *
Your yak barely misses Snorg.
Your yak gores the troll!
The troll dies!
The troll leather armour is intact enough to wear.
Your yak gores Snorg!
Your Fighting skill increases to level 7!
Okay, then.
Snorg bites your yak!! Snorg claws your yak! x2
Snorg bites your yak!
Your yak dies!
Your yak's corpse dissolves into shadows!
Snorg bites your yak!! Snorg claws your yak. Snorg claws your yak!
Your yak gores Snorg!
Your yak barely misses Snorg.
Snorg bites your yak!
Your yak dies!
Your yak's corpse dissolves into shadows!
Your yak closely misses Snorg.
Your yak gores Snorg!
Your yak closely misses Snorg.
Throw: 12 darts (poison)
Press: ? - help, Q - select action, (/) - cycle Shift-Dir - straight line, f - Snorg
Aim: Snorg (moderately wounded, berserk, ally target, 56% to hit)
You throw a poisoned dart. The poisoned dart barely misses Snorg.
As you read the scroll of summoning, it crumbles to dust.
Wisps of shadow whirl around you... Snorg bites you.
* * * LOW HITPOINT WARNING * * *
Snorg claws you!
You die...

....# #........#
....# #..).....#
....########.....#
...............[Y#
###
...........#####Y#
#.# ...........#
###Y####.#
....#......#
#.....##.#####
....#......#
#..TYO.......#
....#......#
#Y.@.........#
.####......#
#............# .#
###.####
#..Y.....##### .#
#...####.....####
.# ##....##.....#
.# #......##.#.#
.#
#......##.#.#####
.#
#...............#
.#
#.......##......#


You could see Snorg (berserk, ally target), a friendly two-headed ogre
(summoned) and 6 friendly yaks.

Vanquished Creatures
  A boulder beetle (D:9)
  An unseen horror zombie (D:9)
  An unseen horror skeleton (D:9)
  A hornet (D:8)
  Grinder (D:4)
  3 yaks (D:9)
  3 steam dragons (D:8)
  2 water moccasins
  2 orc warriors
  2 sky beasts
  An ice beast (D:8)
  2 black bears
  An ogre (D:7)
  2 centaurs
  4 phantoms
  A kobold brigand (D:9)
  A bullfrog (D:9)
  A gnoll sergeant (D:9)
  2 scorpions
  7 wights
  4 killer bees (D:8)
  A howler monkey (D:6)
  A centaur zombie (D:9)
  5 hounds
  4 jellies
  A centaur skeleton (D:9)
  3 orc priests
  An iguana (D:4)
  8 orc wizards
  8 mummies (Ossuary)
  4 gnolls
  A river rat (Sewer)
  14 adders
  A howler monkey simulacrum (D:9)
  2 worms
  6 dart slugs
  23 orcs
  7 ball pythons
  4 bats
  17 endoplasms
  11 giant cockroaches
  3 gnoll zombies (Ossuary)
  3 goblins
  8 hobgoblins
  7 jackals
  2 quokkas
  3 frilled lizards
  A hobgoblin zombie (Ossuary)
  16 kobolds
  2 kobold zombies (Ossuary)
  2 orc zombies (Ossuary)
  5 rats
217 creatures vanquished.

Vanquished Creatures (collateral kills)
  A troll (D:10)
  A steam dragon (D:6)
  An orc priest (D:6)
  A sleepcap (D:6)
  2 orc wizards (D:6)
  A shadow imp (D:6)
  A worm (D:6)
  An orc (D:6)
9 creatures vanquished.

Vanquished Creatures (others)
  An acid dragon (D:9)
  A black bear (D:6)
  2 sky beasts
  A kobold brigand (D:8)
  A wight (D:7)
  7 jellies
  3 orc wizards
  10 orcs
  5 kobolds (D:8)
31 creatures vanquished.

Grand Total: 257 creatures vanquished

Notes
Turn   | Place    | Note
-------+----------+-------------------------------------------
     0 | D:1      | cheesebisquit the Troll Fighter began the quest for the
                  | Orb.
     0 | D:1      | Reached XP level 1. HP: 22/22 MP: 0/0
    47 | D:1      | Reached XP level 2. HP: 29/29 MP: 1/1
   278 | D:1      | Reached XP level 3. HP: 36/36 MP: 2/2
   278 | D:1      | Found Vyxkel's Antique Armour Emporium.
   506 | D:2      | Found a faded altar of an unknown god.
   524 | D:2      | Reached skill level 3 in Unarmed Combat
   806 | D:2      | Reached XP level 4. HP: 32/41 MP: 3/3
  1883 | D:3      | Reached XP level 5. HP: 53/53 MP: 4/4
  1903 | D:3      | Reached skill level 4 in Unarmed Combat
  2134 | D:4      | Found a staircase to the Ecumenical Temple.
  2137 | D:4      | Noticed a phantom
  2147 | Temple   | Entered the Ecumenical Temple
  2238 | D:4      | Killed a phantom
  2261 | D:4      | Identified the +3 mace "Gullir" {venom, rF+ Str+4}
  2297 | D:4      | Reached XP level 6. HP: 61/61 MP: 5/5
  2395 | D:4      | Noticed Grinder
  2581 | D:4      | Reached skill level 5 in Unarmed Combat
  2736 | D:4      | Killed Grinder
  2737 | D:4      | Reached XP level 7. HP: 53/70 MP: 6/6
  2850 | D:5      | Entered Level 5 of the Dungeon
  2863 | D:5      | Reached skill level 6 in Unarmed Combat
  2957 | D:5      | Found an iron altar of Okawaru.
  3097 | D:1      | Bought a glowing scarf for 176 gold pieces
  3274 | D:5      | Found a sparkling altar of Nemelex Xobeh.
  3413 | D:5      | Reached skill level 5 in Shields
  3413 | D:5      | Reached XP level 8. HP: 78/79 MP: 7/7
  3504 | D:5      | Reached skill level 7 in Unarmed Combat
  3726 | D:6      | Found a glowing drain.
  3749 | Sewer    | Entered a sewer
  3865 | Sewer    | Found a viscous altar of Jiyva.
  3999 | Sewer    | Became a worshipper of Jiyva Jufuyseo the Shapeless
  4023 | D:6      | Reached skill level 5 in Fighting
  4052 | D:6      | Reached skill level 8 in Unarmed Combat
  4086 | D:6      | Reached XP level 9. HP: 17/88 MP: 8/8
  4229 | D:6      | Found a basalt altar of Yredelemnul.
  4421 | D:6      | Found a glowing golden altar of the Shining One.
  4422 | D:6      | Reached * piety under Jiyva
  4575 | D:6      | Noticed an angel
  4692 | D:7      | Found a sand-covered staircase.
  4696 | Ossuary  | Entered an ossuary
  5003 | D:7      | Found a snail-covered altar of Cheibriados.
  5345 | D:7      | Reached skill level 9 in Unarmed Combat
  5725 | D:8      | Reached ** piety under Jiyva
  5779 | D:8      | Paralysed by a hornet for 3 turns
  5787 | D:8      | Paralysed by a hornet for 1 turns
  6259 | D:8      | Found a shimmering altar of Xom.
  6261 | D:8      | Found a shimmering altar of Xom.
  6261 | D:8      | Found a shimmering altar of Xom.
  6263 | D:8      | Found a shimmering altar of Xom.
  6264 | D:8      | Found a shimmering altar of Xom.
  6265 | D:8      | Found a shimmering altar of Xom.
  6688 | D:8      | Reached *** piety under Jiyva
  6708 | D:8      | Gained mutation: You expend magic power (3 MP) to
                  | strengthen your wands. [Jiyva's grace]
  6708 | D:8      | Gained mutation: Your muscles are strong. (Str +4, Int/Dex
                  | -1) [Jiyva's grace]
  6708 | D:8      | Gained mutation: Your muscles are very strong. (Str +8,
                  | Int/Dex -2) [Jiyva's grace]
  6708 | D:8      | Gained mutation: You have acidic saliva. [Jiyva's grace]
  7009 | D:9      | Reached skill level 10 in Unarmed Combat
  7080 | D:9      | Reached XP level 10. HP: 78/100 MP: 9/9
  7091 | D:9      | Found a transporter.
  7093 | D:9      | Found a transporter.
  7149 | D:9      | Noticed a boulder beetle
  7601 | D:9      | Reached **** piety under Jiyva
  7606 | D:9      | Got the Papyrus of the Changed Scorpion
  7961 | D:9      | Killed a boulder beetle
  7962 | D:9      | Reached skill level 11 in Unarmed Combat
  8015 | D:10     | Entered Level 10 of the Dungeon
  8015 | D:10     | Found a staircase to the Lair.
  8140 | D:10     | Noticed Snorg
  8158 | D:10     | HP: 3/100 [Snorg (19)]
  8164 | D:10     | Slain by Snorg

Illustrated notes

Levels and vault maps discovered:
D:1:      spicycebolla_arrival_clurvy, layout_basic, serial_shops,
          nicolae_shop_tiny_statue_garden
D:2:      layout_rooms, serial_bayou, serial_bayou_shore_b,
          serial_bayou_crossing, serial_bayou_ford_a, serial_bayou_shore_a,
          serial_bayou_lagoon_a, serial_bayou_pond_c,
          ebering_ecumenical_altar_webs, lightli_corner_chamber
D:3:      layout_basic
D:4:      layout_rooms, minmay_temple_entry_stoned_glass,
          nicolae_underground_beach, uniq_grinder
D:5:      layout_gridville, okawaru_gym_becter,
          mainiacjoe_overflow_surrounded_room
D:6:      layout_cave_pools, grunt_temple_overflow_holy_war,
          cheibrodos_sewer_entry_sluice
D:7:      layout_basic, mainiacjoe_overflow_24_doors, enter_ossuary_5
D:8:      layout_layer_cave, xom_redecorated
D:9:      gammafunk_boulding_lane, layout_irregular_city, grunt_ministairs_8,
          hangedman_decor_diamond_cutter, hangedman_weighted_door,
          hangedman_misty_isle
D:10:     layout_basic, mainiacjoe_overflow_alcove_4, tgw_kikubaaqudgha,
          mainiacjoe_overflow_alcove_3, lair_entry_dummy, uniq_snorg
Temple:   cyrus_temple_forest

Skill      XL: |  1  2  3  4  5  6  7  8  9 10 |
---------------+-------------------------------+-----
Shields        | 3 4 5 6 7 |  7.6
Unarmed Combat | 3 4 5 6 8 10 11 | 11.2
Fighting       | 3 4 5 6 7 |  7.0
Dodging        | 3 |  3.7

Action                     |  1- 3 |  4- 6 |  7- 9 | 10-12 || total
---------------------------+-------+-------+-------+-------++-------
  Melee: Unarmed           |    97 |   176 |   296 |    60 ||   629
         Bite              |       |       |     6 |     6 ||    12
  Throw: Dart              |       |     3 |     7 |     7 ||    17
         Javelin           |       |     3 |       |       ||     3
    Use: Potion            |       |     1 |    10 |     4 ||    15
         Scroll            |       |       |    18 |     2 ||    20
   Stab: Sleeping          |       |     1 |     1 |       ||     2
         Invisible         |       |       |     1 |     2 ||     3
 Armour: Robe              |    35 |    42 |    88 |    14 ||   179
  Dodge: Dodged            |    30 |    61 |   105 |    31 ||   227
  Block: Kite shield       |    29 |    70 |   139 |    28 ||   266
